EL
NEW HAMPSHIRE FISHER CATS @ BOWIE BAYSOX
07/27/2044
 
TOP OF THE 1ST
New Hampshire Fisher Cats batting - Pitching for Bowie Baysox : RHP Ray Richards
Pitching: RHP Ray Richards
Batting: SHB Spencer Jones 0-0: Called Strike
0-1: Foul Ball, location: 2F
0-2: Ball
1-2: Strikes out swinging
Batting: LHB Ray Whitehead 0-0: Swinging Strike
0-1: Foul Ball, location: 2F
0-2: Ball
1-2: Ball
2-2: Foul Ball, location: 2F
2-2: Foul Ball, location: 2F
2-2: Foul Ball, location: 2F
2-2: Strikes out swinging
Batting: LHB Sumiki Okuhara 0-0: Ball
1-0: Swinging Strike
1-1: Ball
2-1: Foul Ball, location: 2F
2-2: Foul Ball, location: 2F
2-2: DOUBLE (Line Drive, 89XD, EV 102.5 MPH)
Batting: RHB Nikita Schram 0-0: Called Strike
0-1: Ball
1-1: Ball
2-1: Called Strike
2-2: Strikes out swinging
Top of the 1st over - 0 runs, 1 hit, 0 errors, 1 left on base; New Hampshire 0 - Bowie 0
BOTTOM OF THE 1ST
Bowie Baysox batting - Pitching for New Hampshire Fisher Cats : RHP Andy Lee
Pitching: RHP Andy Lee
Batting: RHB Orlando Melchor 0-0: Ball
1-0: Foul Ball, location: 2F
1-1: Foul Ball, location: 2F
1-2: Foul Ball, location: 2F
1-2: Foul Ball, location: 2F
1-2: Ball
2-2: Ball
3-2: Foul Ball, location: 2F
3-2: Ground out 4-3 (Groundball, 4M, EV 82.5 MPH)
Batting: LHB Pat Shaddock 0-0: Ball
1-0: Ball
2-0: SINGLE (Groundball, 4MD, EV 100.0 MPH)
Batting: RHB Rudo Garciaparra 0-0: Ball
1-0: Ball
2-0: Foul Ball, location: 2F
2-1: Foul Ball, location: 2F
2-2: Foul Ball, location: 2F
2-2: Fly out, F9 (Flyball, 9, EV 89.4 MPH)
Batting: RHB Dermott Neill 0-0: Called Strike
0-1: Foul Ball, location: 2F
0-2: Ball
1-2: Ball
Pat Shaddock steals 2nd base
2-2: Foul Ball, location: 2F
2-2: Ground out 6-3 (Groundball, 6, EV 78.1 MPH)
Bottom of the 1st over - 0 runs, 1 hit, 0 errors, 1 left on base; New Hampshire 0 - Bowie 0
TOP OF THE 2ND
New Hampshire Fisher Cats batting - Pitching for Bowie Baysox : RHP Ray Richards
Batting: SHB Eduardo Maldonado 0-0: Ball
1-0: Foul Ball, location: 2F
1-1: Ground out 6-3 (Groundball, 6, EV 80.0 MPH)
Batting: RHB Jorge Baret 0-0: Swinging Strike
0-1: Foul Ball, location: 2F
0-2: Ball
1-2: Ball
2-2: SOLO HOME RUN (Flyball, 7LD, EV 91.2 MPH), Distance : 349 ft
Batting: RHB Porter Welsh 0-0: Ball
1-0: Ball
2-0: Ball
3-0: Base on Balls
Batting: RHB Cyril Husson 0-0: Ball
1-0: Ball
Porter Welsh steals 2nd, throwing error, E2
Porter Welsh to third
2-0: Foul Ball, location: 2F
2-1: Fly out, F9 (Flyball, 9, EV 83.8 MPH)
Runner from 3rd tags up, SCORES, no throw by RF
Batting: RHB Nick Wicker 0-0: Called Strike
0-1: Reached via error on a dropped throw from 1B, E1 (Groundball, 34, EV 83.1 MPH)
Batting: SHB Spencer Jones 0-0: Called Strike
Nick Wicker steals 2nd base
0-1: Swinging Strike
0-2: Strikes out swinging
Top of the 2nd over - 2 runs, 1 hit, 2 errors, 1 left on base; New Hampshire 2 - Bowie 0
BOTTOM OF THE 2ND
Bowie Baysox batting - Pitching for New Hampshire Fisher Cats : RHP Andy Lee
Batting: RHB Longfellow Wetzler 0-0: Called Strike
0-1: Called Strike
0-2: Ball
1-2: Strikes out swinging
Batting: SHB Tony Pantaleon 0-0: Foul Ball, location: 2F
0-1: Swinging Strike
0-2: Ball
1-2: Ball
2-2: Ball
3-2: Strikes out swinging
Batting: RHB Danny Merrill 0-0: Ball
1-0: Ball
2-0: DOUBLE (Line Drive, 3D, EV 96.9 MPH)
Batting: RHB Jon Zimmerman 0-0: Ground out 5-3 (Groundball, 56, EV 102.5 MPH)
Bottom of the 2nd over - 0 runs, 1 hit, 0 errors, 1 left on base; New Hampshire 2 - Bowie 0
TOP OF THE 3RD
New Hampshire Fisher Cats batting - Pitching for Bowie Baysox : RHP Ray Richards
Batting: LHB Ray Whitehead 0-0: Ball
1-0: Foul Ball, location: 2F
1-1: Called Strike
1-2: Ball
2-2: Ball
3-2: Foul Ball, location: 2F
3-2: SINGLE (Groundball, 3S, EV 69.4 MPH) (infield hit)
Batting: LHB Sumiki Okuhara 0-0: Ball
Ray Whitehead steals 2nd base
1-0: Ball
2-0: Foul Ball, location: 2F
2-1: Ball
3-1: Foul Ball, location: 2F
3-2: Base on Balls
Batting: RHB Nikita Schram 0-0: Ball
1-0: Called Strike
1-1: Ball
2-1: Foul Ball, location: 2F
2-2: Strikes out swinging
Batting: SHB Eduardo Maldonado 0-0: Ball
1-0: Foul Ball, location: 2F
1-1: Foul Ball, location: 2F
1-2: Ball
2-2: DOUBLE (Flyball, 78D, EV 98.1 MPH)
Ray Whitehead scores
Sumiki Okuhara to third
Batting: RHB Jorge Baret 0-0: Ball
1-0: Ground out 6-3 (Groundball, 6, EV 107.5 MPH)
Sumiki Okuhara scores
Batting: RHB Porter Welsh 0-0: Ball
1-0: Called Strike
1-1: Swinging Strike
1-2: Foul Ball, location: 2F
1-2: Strikes out swinging
Top of the 3rd over - 2 runs, 2 hits, 0 errors, 1 left on base; New Hampshire 4 - Bowie 0
BOTTOM OF THE 3RD
Bowie Baysox batting - Pitching for New Hampshire Fisher Cats : RHP Andy Lee
Batting: SHB Eric Tiehen 0-0: SINGLE (Groundball, 4MS, EV 70.0 MPH) (infield hit)
Batting: RHB Orlando Melchor 0-0: Ball
1-0: Foul Ball, location: 2F
1-1: Swinging Strike
1-2: Ball
2-2: Ball
3-2: Base on Balls
Eric Tiehen to second
Batting: LHB Pat Shaddock 0-0: SINGLE (Line Drive, 3L, EV 94.4 MPH)
Eric Tiehen to third
Orlando Melchor to second
Batting: RHB Rudo Garciaparra 0-0: Called Strike
0-1: Ball
1-1: Ball
2-1: Swinging Strike
2-2: Ball
3-2: Strikes out looking
Batting: RHB Dermott Neill 0-0: SINGLE (Groundball, 6MD, EV 98.8 MPH)
Eric Tiehen scores
Orlando Melchor to third
Pat Shaddock to second
Runner from 3rd tries for Home, SAFE, throw by CF to home
Batting: RHB Longfellow Wetzler 0-0: Called Strike
0-1: Foul Ball, location: 2F
0-2: Ball
1-2: Ball
Wild Pitch!
Pat Shaddock to third
Dermott Neill to second
2-2: Ball
3-2: Foul Ball, location: 2F
3-2: Foul Ball, location: 2F
3-2: Foul Ball, location: 2F
3-2: Strikes out swinging
Batting: SHB Tony Pantaleon 0-0: Ball
1-0: Ground out 6-3 (Groundball, 6MS, EV 83.1 MPH)
Bottom of the 3rd over - 2 runs, 3 hits, 0 errors, 2 left on base; New Hampshire 4 - Bowie 2
TOP OF THE 4TH
New Hampshire Fisher Cats batting - Pitching for Bowie Baysox : RHP Ray Richards
Batting: RHB Cyril Husson 0-0: Ball
1-0: Foul Ball, location: 2F
1-1: Ball
2-1: Ball
3-1: Base on Balls
Batting: RHB Nick Wicker 0-0: Ball
Cyril Husson steals 2nd base
1-0: Called Strike
1-1: Foul Ball, location: 2F
1-2: Strikes out looking
Batting: SHB Spencer Jones 0-0: Called Strike
0-1: Ball
1-1: Ground out 3-1 (Groundball, 34, EV 105.0 MPH)
Cyril Husson to third
Batting: LHB Ray Whitehead 0-0: Fly out, F7 (Flyball, 7D, EV 103.1 MPH)
Top of the 4th over - 0 runs, 0 hits, 0 errors, 1 left on base; New Hampshire 4 - Bowie 2
BOTTOM OF THE 4TH
Bowie Baysox batting - Pitching for New Hampshire Fisher Cats : RHP Andy Lee
Batting: RHB Danny Merrill 0-0: Ball
1-0: Fly out, F5 (Popup, 56, EV 71.9 MPH)
Batting: RHB Jon Zimmerman 0-0: Foul Ball, location: 2F
0-1: Ball
1-1: Foul Ball, location: 2F
1-2: Foul Ball, location: 2F
1-2: Fly out, F8 (Flyball, 78S, EV 85.0 MPH)
Batting: SHB Eric Tiehen 0-0: Ground out 4-3 (Groundball, 4, EV 102.5 MPH)
Bottom of the 4th over - 0 runs, 0 hits, 0 errors, 0 left on base; New Hampshire 4 - Bowie 2
TOP OF THE 5TH
New Hampshire Fisher Cats batting - Pitching for Bowie Baysox : RHP Ray Richards
Batting: LHB Sumiki Okuhara 0-0: Ball
1-0: Ball
2-0: Called Strike
2-1: Called Strike
2-2: Foul Ball, location: 2F
2-2: Strikes out swinging
Batting: RHB Nikita Schram 0-0: Foul Ball, location: 2F
0-1: Ground out 5-3 (Groundball, 25, EV 86.9 MPH)
Batting: SHB Eduardo Maldonado 0-0: Ball
1-0: Ball
2-0: Called Strike
2-1: Ball
3-1: Foul Ball, location: 2F
3-2: Foul Ball, location: 2F
3-2: Fly out, F2 (Popup, 2LF, EV 86.2 MPH)
Top of the 5th over - 0 runs, 0 hits, 0 errors, 0 left on base; New Hampshire 4 - Bowie 2
BOTTOM OF THE 5TH
Bowie Baysox batting - Pitching for New Hampshire Fisher Cats : RHP Andy Lee
Batting: RHB Orlando Melchor 0-0: Ball
1-0: Called Strike
1-1: Swinging Strike
1-2: Strikes out swinging
Batting: LHB Pat Shaddock 0-0: Called Strike
0-1: Called Strike
0-2: Ball
1-2: Ball
2-2: Fly out, F8 (Flyball, 78XD, EV 98.8 MPH)
Batting: RHB Rudo Garciaparra 0-0: Fly out, F7 (Flyball, 78D, EV 93.1 MPH)
Bottom of the 5th over - 0 runs, 0 hits, 0 errors, 0 left on base; New Hampshire 4 - Bowie 2
TOP OF THE 6TH
New Hampshire Fisher Cats batting - Pitching for Bowie Baysox : RHP Ray Richards
Pitching: RHP Mike Wheeler
Batting: RHB Jorge Baret 0-0: SINGLE (Line Drive, 78M, EV 92.5 MPH)
Batting: RHB Porter Welsh 0-0: Ball
Jorge Baret steals 2nd base
1-0: Foul Ball, location: 2F
1-1: Foul Ball, location: 2F
1-2: Ball
2-2: Foul Ball, location: 2F
2-2: Ball
3-2: Hit by Pitch
Batting: RHB Cyril Husson 0-0: Ball
1-0: Ball
2-0: Swinging Strike
2-1: Fly out, F8 (Flyball, 78S, EV 86.9 MPH)
Batting: RHB Nick Wicker 0-0: Called Strike
Jorge Baret steals 3rd base
0-1: Ball
1-1: Foul Ball, location: 2F
1-2: Grounds into double play, 4-6-3 (Groundball, 4, EV 84.4 MPH)
Top of the 6th over - 0 runs, 1 hit, 0 errors, 1 left on base; New Hampshire 4 - Bowie 2
BOTTOM OF THE 6TH
Bowie Baysox batting - Pitching for New Hampshire Fisher Cats : RHP Andy Lee
Batting: RHB Dermott Neill 0-0: Fly out, F8 (Flyball, 89XD, EV 91.9 MPH)
Batting: RHB Longfellow Wetzler 0-0: DOUBLE (Line Drive, 9LS, EV 91.9 MPH)
Batting: SHB Tony Pantaleon 0-0: Called Strike
0-1: Ball
1-1: Fly out, F8 (Flyball, 8RD, EV 109.4 MPH)
Batting: RHB Danny Merrill 0-0: Swinging Strike
0-1: Ball
1-1: Ground out 6-3 (Groundball, 6M, EV 105.0 MPH)
Bottom of the 6th over - 0 runs, 1 hit, 0 errors, 1 left on base; New Hampshire 4 - Bowie 2
TOP OF THE 7TH
New Hampshire Fisher Cats batting - Pitching for Bowie Baysox : RHP Mike Wheeler
Pitching: RHP Påske Olmqvist
Batting: SHB Spencer Jones 0-0: Foul Ball, location: 2F
0-1: Ball
1-1: Ball
2-1: Called Strike
2-2: Ball
3-2: SINGLE (Groundball, 56D, EV 108.8 MPH)
Batting: LHB Ray Whitehead 0-0: Ball
Spencer Jones is caught stealing 2nd base 2-6
1-0: Ball
2-0: Called Strike
2-1: Foul Ball, location: 2F
2-2: Ground out 3-1 (Groundball, 34S, EV 86.2 MPH)
Batting: LHB Sumiki Okuhara 0-0: Ball
1-0: Ball
2-0: Called Strike
2-1: Ball
3-1: DOUBLE (Line Drive, 9LD, EV 105.0 MPH)
Batting: RHB Nikita Schram 0-0: Ball
1-0: Swinging Strike
1-1: Ball
2-1: Ball
3-1: Swinging Strike
3-2: Ground out 5-3 (Groundball, 56S, EV 88.1 MPH)
Top of the 7th over - 0 runs, 2 hits, 0 errors, 1 left on base; New Hampshire 4 - Bowie 2
BOTTOM OF THE 7TH
Bowie Baysox batting - Pitching for New Hampshire Fisher Cats : RHP Andy Lee
Now in CF: Dan Hilyer
Now in RF: Sumiki Okuhara
Batting: RHB Jon Zimmerman 0-0: Ball
1-0: Ball
2-0: Ball
3-0: Base on Balls
Batting: SHB Eric Tiehen 0-0: Bunted foul
0-1: Bunt missed!
0-2: Foul Ball, location: 2F
0-2: Ball
1-2: DOUBLE (Flyball, 78D, EV 102.5 MPH)
Jon Zimmerman to third
Pitching: LHP Vinny Zavala
Batting: RHB Orlando Melchor 0-0: Fly out, F8 (Flyball, 78M, EV 85.6 MPH)
Runner from 3rd tags up, SCORES, throw by CF
Pinch Hitting: RHB Ashton Holloway 0-0: Called Strike
0-1: Ball
1-1: Called Strike
1-2: SINGLE (Groundball, 6MD, EV 104.4 MPH)
Eric Tiehen to third
Runner from 3rd tries for Home, SAFE, throw by CF to home
Batting: RHB Rudo Garciaparra 0-0: Ball
1-0: Ball
2-0: Called Strike
2-1: Ball
3-1: Base on Balls
Ashton Holloway to second
Batting: RHB Dermott Neill 0-0: Called Strike
0-1: Ball
1-1: Called Strike
1-2: Ball
2-2: Ball
3-2: Foul Ball, location: 2F
3-2: Foul Ball, location: 2F
3-2: Foul Ball, location: 2F
3-2: Strikes out swinging
Batting: RHB Longfellow Wetzler 0-0: Ball
1-0: Fielders Choice at 2nd, 6-4 (Groundball, 6, EV 78.1 MPH)
Bottom of the 7th over - 2 runs, 2 hits, 0 errors, 2 left on base; New Hampshire 4 - Bowie 4
TOP OF THE 8TH
New Hampshire Fisher Cats batting - Pitching for Bowie Baysox : RHP Påske Olmqvist
Now at 1B: Ashton Holloway
Batting: SHB Eduardo Maldonado 0-0: Ball
1-0: Ball
2-0: Called Strike
2-1: SINGLE (Line Drive, 78S, EV 104.4 MPH)
Batting: RHB Jorge Baret 0-0: Called Strike
0-1: Ball
1-1: Bunted foul
1-2: Ball
2-2: Fly out, F9 (Flyball, 9S, EV 88.1 MPH)
Pinch Hitting: LHB Rodrigo Briceno 0-0: Ball
1-0: Ball
2-0: Called Strike
2-1: Ball
3-1: Base on Balls
Eduardo Maldonado to second
Batting: RHB Cyril Husson 0-0: Ball
1-0: Swinging Strike
1-1: Ball
2-1: Bunt missed!
2-2: DOUBLE (Line Drive, 8LD, EV 108.8 MPH)
Eduardo Maldonado scores
Rodrigo Briceno to third
Batting: RHB Nick Wicker 0-0: Foul Ball, location: 2F
0-1: Ball
1-1: Ground out 4-3 (Groundball, 4, EV 106.2 MPH)
Batting: SHB Spencer Jones 0-0: Ball
1-0: Ground out 3-1 (Groundball, 34, EV 87.5 MPH)
Top of the 8th over - 1 run, 2 hits, 0 errors, 2 left on base; New Hampshire 5 - Bowie 4
BOTTOM OF THE 8TH
Bowie Baysox batting - Pitching for New Hampshire Fisher Cats : LHP Vinny Zavala
Pitching: RHP Jordan Jacobo
Now at 2B: Lee McKay
Batting: SHB Tony Pantaleon 0-0: Ball
1-0: Ground out 5-3 (Groundball, 5, EV 84.4 MPH)
Batting: RHB Danny Merrill 0-0: Ball
1-0: Swinging Strike
1-1: DOUBLE (Line Drive, 78XD, EV 105.0 MPH)
Batting: RHB Jon Zimmerman 0-0: Swinging Strike
0-1: Foul Ball, location: 2F
0-2: Ground out 6-3 (Groundball, 6, EV 88.1 MPH)
Danny Merrill to third
Batting: SHB Eric Tiehen 0-0: Foul Ball, location: 2F
0-1: Ground out 4-3 (Groundball, 4M, EV 96.2 MPH)
Bottom of the 8th over - 0 runs, 1 hit, 0 errors, 1 left on base; New Hampshire 5 - Bowie 4
TOP OF THE 9TH
New Hampshire Fisher Cats batting - Pitching for Bowie Baysox : RHP Påske Olmqvist
Pitching: RHP Elliot Monroe
Batting: RHB Dan Hilyer 0-0: Called Strike
0-1: SINGLE (Groundball, 25, EV 69.4 MPH) (infield hit)
Batting: LHB Sumiki Okuhara 0-0: Called Strike
0-1: Ball
Dan Hilyer steals 2nd base
1-1: Intentional Walk
Batting: RHB Nikita Schram 0-0: 3-RUN HOME RUN (Flyball, 7D, EV 98.8 MPH), Distance : 403 ft
Pitching: RHP Mike LaMonica
Batting: SHB Eduardo Maldonado 0-0: Called Strike
0-1: Foul Ball, location: 2F
0-2: Foul Ball, location: 2F
0-2: Ball
1-2: Foul Ball, location: 2F
1-2: Ground out 5-3 (Groundball, 56, EV 110.6 MPH)
Batting: RHB Jorge Baret 0-0: Ball
1-0: Ball
2-0: Ball
3-0: Base on Balls
Batting: RHB Lee McKay 0-0: Ball
1-0: Ball
Wild Pitch!
Jorge Baret to second
2-0: Swinging Strike
2-1: Called Strike
2-2: Ball
3-2: Ground out 5-3 (Groundball, 56, EV 105.6 MPH)
Batting: RHB Cyril Husson 0-0: Fly out, F7 (Line Drive, 7, EV 100.6 MPH)
Top of the 9th over - 3 runs, 2 hits, 0 errors, 1 left on base; New Hampshire 8 - Bowie 4
BOTTOM OF THE 9TH
Bowie Baysox batting - Pitching for New Hampshire Fisher Cats : RHP Jordan Jacobo
Batting: RHB Orlando Melchor 0-0: Ball
1-0: Called Strike
1-1: Foul Ball, location: 2F
1-2: Ball
2-2: Foul Ball, location: 2F
2-2: Ball
3-2: Foul Ball, location: 2F
3-2: Ground out 5-3 (Groundball, 56S, EV 85.6 MPH)
Batting: RHB Ashton Holloway 0-0: Ball
1-0: Ball
2-0: Called Strike
2-1: Foul Ball, location: 2F
2-2: Ball
3-2: Base on Balls
Batting: RHB Rudo Garciaparra 0-0: Ball
1-0: Foul Ball, location: 2F
1-1: Called Strike
1-2: Ball
2-2: Ball
3-2: Fielders Choice at 2nd, 3-6 (Groundball, 3, EV 83.1 MPH)
Batting: RHB Dermott Neill 0-0: Ball
1-0: Swinging Strike
1-1: Ball
2-1: Swinging Strike
Pickoff Throw to First - Error! E1
Rudo Garciaparra to second
2-2: Ball
3-2: Foul Ball, location: 2F
3-2: Ground out 6-3 (Groundball, 6, EV 108.8 MPH)
Bottom of the 9th over - 0 runs, 0 hits, 1 error, 1 left on base; New Hampshire 8 - Bowie 4
Thursday, March 31st , 2022 - OOTP Baseball 22.12 Build 89